 Dungeon Crawl Stone Soup version 0.28.0-56-g4927b6849a (webtiles) character file.

Game seed: 1983432205453843525

1289 Atelerd the Digger (level 8, 0/73 HPs)
             Began as an Octopode Earth Elementalist on Jan 26, 2023.
             Was an Initiate of Sif Muna.
             Slain by a killer bee (5 damage)
             ... on level 7 of the Dungeon.
             The game lasted 00:06:41 (6698 turns).

Atelerd the Digger (Octopode Earth Elementalist)    Turns: 6698, Time: 00:06:41

Health: 0/73       AC:  1    Str: 12    XL:     8   Next: 55%
Magic:  16/16      EV: 13    Int: 22    God:    Sif Muna [......]
Gold:   265        SH:  0    Dex: 12    Spells: 13/18 levels left

rFire   + . .      SeeInvis .   j - +3 mace of Conflict {protect, Fragile rElec rC+ Str+4 Int+3}
rCold   + . .      Faith    .   (no shield)
rNeg    . . .      Spirit   .   (helmet restricted)
rPois   +          Reflect  .   h - amulet of the acrobat
rElec   +          Harm     .   a - ring of resist corrosion
rCorr   +          Rampage  .   (no ring)
Will    .....                   (no ring)
Stlth   ..........              (no ring)
HPRegen 0.22/turn               (no ring)
MPRegen 0.15/turn               (no ring)
                                (no ring)
                                (no ring)

@: berserking (expiring), very quick
A: almost no armour, amphibious, 8 rings, camouflage 1, gelatinous body 1,
(nimble swimmer 1), tentacles, fire resistance 1, poison resistance
a: Renounce Religion


You were on level 7 of the Dungeon.
You worshipped Sif Muna.
Sif Muna was noncommittal.
You visited 2 branches of the dungeon, and saw 8 of its levels.

You collected 265 gold pieces.

Inventory:

Hand Weapons
 d - a +0 short sword
 j - the +3 mace of Conflict (weapon) {protect, Fragile rElec rC+ Str+4 Int+3}
   (You found it on level 2 of the Dungeon)

   It grants its wielder temporary protection when it strikes (+7 to AC).
   Str:       It affects your strength (+4).
   Int:       It affects your intelligence (+3).
   rC:        It protects you from cold.
   rElec:     It insulates you from electricity.
   Fragile:   It will be destroyed if unequipped.
 n - a +1 dagger of draining
Missiles
 b - 61 stones
Jewellery
 a - a ring of resist corrosion (left tentacle)
 h - an amulet of the acrobat (around mantle)
Scrolls
 c - 2 scrolls of fog {unknown}
 e - 5 scrolls of teleportation
 f - 2 scrolls of fear
 g - 3 scrolls of enchant weapon
 k - a scroll of brand weapon {unknown}
 l - a scroll of magic mapping {unknown}
 o - 2 scrolls of holy word {unknown}
 q - a scroll of enchant armour
Potions
 i - a potion of ambrosia
 p - a potion of brilliance
 s - a potion of curing {unknown}


   Skills:
 * Level 1.7 Fighting
 * Level 1.4 Short Blades
 + Level 2.2 Dodging
 - Level 5.0 Stealth
 + Level 5.5 Spellcasting
 - Level 4.0 Transmutations
 + Level 6.5 Earth Magic
 + Level 1.0 Invocations


You had 13 spell levels left.
You knew the following spells:

 Your Spells              Type           Power      Damage    Failure   Level
a - Sandblast             Erth           68%        2d15      1%          1
p - Petrify               Tmut/Erth      29%        N/A       11%         4

Your spell library contained the following spells:

 Spells                   Type           Power      Damage    Failure   Level
 Passwall                 Tmut/Erth      24%        N/A       1%          2
 Stone Arrow              Conj/Erth      40%        3d9       8%          3
 Ignite Poison            Fire/Tmut/Pois 11%        N/A       17%         3
 Leda's Liquefaction      Hex/Erth       10%        N/A       26%         4
 Call Canine Familiar     Summ           6%         N/A       28%         3
 Conjure Flame            Conj/Fire      6%         6-21      28%         3
 Portal Projectile        Hex/Tloc       12%        N/A       28%         3
 Ice Form                 Ice/Tmut       14%        N/A       38%         4
 Hailstorm                Conj/Ice       6%         3d4       67%         4
 Sticky Flame             Conj/Fire      6%         2d3       67%         4
 Simulacrum               Ice/Necr       3%         N/A       100%        6


Dungeon Overview and Level Annotations

Branches:
Dungeon (7/15)             Temple (1/1) D:5

Altars:
Elyvilon
Fedhas
Hepliaklqana
Makhleb
Nemelex Xobeh
Sif Muna
Vehumet
Wu Jian

Shops:
D:1 !

Annotations:
D:3 exclusions: downstairs and 1 more exclusion
D:4 Grinder
D:5 exclusion: downstairs


Innate Abilities, Weirdness & Mutations

You cannot wear most types of armour.
You are amphibious.
You can wear up to eight rings at the same time.
Your skin changes colour to match your surroundings (Stealth+).
Your rubbery body absorbs attacks. (AC +1, EV +1)
((You are camouflaged when in or above water. (Stealth+)))
You have tentacles for arms and can constrict up to eight enemies at once.
Your flesh is heat resistant. (rF+)
Your system is resistant to poisons. (rPois)


Message History

You constrict the killer bee.
You kill the killer bee!
Sif Muna accepts your kill. The killer bee stings you.
You are poisoned.
The killer bee poisons you! The killer bee stings you!
A wight comes into view.
It is wielding a +2 scimitar of freezing.
Your Invocations skill increases to level 1!
It was a potion of mutation.
You feel extremely strange.
You feel resistant to poisons.
You feel resistant to heat.
You feel sick. The killer bee barely misses you. The killer bee misses you.
It was a potion of berserk rage.
A red film seems to cover your vision as you go berserk!
You feel yourself moving faster!
You feel mighty!
You feel sick. The killer bee stings you. The killer bee stings you!
* * * LOW HITPOINT WARNING * * *
You miss the killer bee. Your grab misses the killer bee.
The killer bee is heavily wounded.
You feel sick. The killer bee barely misses you.
The killer bee closely misses you.
Unknown command.
You miss the killer bee. Your grab misses the killer bee.
The killer bee is heavily wounded.
You feel sick. The killer bee misses you. The killer bee stings you.
* * * LOW HITPOINT WARNING * * *
A wight comes into view. It is wielding a +3 dagger.
Unknown command.
You miss the killer bee. Your grab misses the killer bee.
The killer bee is heavily wounded.
You feel sick.
You are no longer poisoned.
The killer bee misses you. The killer bee stings you!
* * * LOW HITPOINT WARNING * * *
Unknown command.
You are too berserk!
You closely miss the killer bee. Your grab misses the killer bee.
Your squeeze misses the killer bee.
The killer bee is heavily wounded.
The killer bee stings you.
You die...

# ..zy#######
..z5yyyy@.#
#########.# #
#.. #.##.# #.#.#
#....# #.#..
#.#### ...# #.#
.. #.####.#
..#######......#
..........>####


You could see 5 killer bees, 2 wights and a white imp.

Vanquished Creatures
  A hornet (D:7)
  An ice beast (D:5)
  2 ogres
  A centaur (D:5)
  A scorpion (D:5)
  2 water moccasin zombies (D:5)
  A killer bee (D:7)
  2 bullfrog zombies (D:5)
  2 bullfrog skeletons (D:5)
  2 hounds (D:5)
  A gnoll shaman (D:5)
  An iguana (D:5)
  3 orc wizards (D:4)
  A killer bee zombie (D:6)
  Robin (D:4)
  A hound skeleton (D:4)
  4 adders
  4 gnolls (D:5)
  A shadow imp (D:5)
  A white imp (D:5)
  An adder skeleton (D:4)
  A worm (D:2)
  3 dart slugs
  4 orcs
  10 endoplasms
  3 giant cockroaches
  12 hobgoblins
  5 kobolds
  6 quokkas
  2 ball pythons (D:2)
  3 bats
  3 frilled lizards
  16 goblins
  A jackal skeleton (D:4)
  6 rats
109 creatures vanquished.

Notes
Turn   | Place    | Note
-------+----------+-------------------------------------------
     0 | D:1      | Atelerd the Octopode Earth Elementalist began the quest for
                  | the Orb.
     0 | D:1      | Reached XP level 1. HP: 11/11 MP: 3/3
    23 | D:1      | Found Gatz's Distillery.
   736 | D:1      | Reached XP level 2. HP: 11/18 MP: 0/5
  1290 | D:1      | Reached XP level 3. HP: 22/22 MP: 6/6
  1300 | D:1      | Found a faded altar of an unknown god.
  2109 | D:2      | Identified the +3 mace of Conflict {protect, Fragile rElec
                  | rC+ Str+4 Int+3}
  2329 | D:3      | Reached XP level 4. HP: 27/27 MP: 7/7
  3300 | D:4      | Noticed Robin
  3393 | D:4      | Killed Robin
  3402 | D:4      | Reached skill level 4 in Earth Magic
  3403 | D:4      | Reached XP level 5. HP: 25/32 MP: 5/9
  4094 | D:4      | Reached XP level 6. HP: 37/37 MP: 8/10
  4207 | D:4      | Noticed Grinder
  4266 | D:5      | Entered Level 5 of the Dungeon
  4367 | D:5      | Noticed an ice beast
  4382 | D:5      | Learned a level 4 spell: Petrify
  4812 | D:5      | Killed an ice beast
  4813 | D:5      | Reached skill level 5 in Stealth
  4813 | D:5      | Reached XP level 7. HP: 36/42 MP: 2/12
  4959 | D:5      | Reached skill level 5 in Earth Magic
  5171 | D:5      | Found a staircase to the Ecumenical Temple.
  5183 | Temple   | Entered the Ecumenical Temple
  5356 | Temple   | Became a worshipper of Sif Muna the Loreminder
  5747 | D:5      | Reached skill level 5 in Spellcasting
  5747 | D:5      | Reached skill level 6 in Earth Magic
  5747 | D:5      | Reached XP level 8. HP: 46/47 MP: 15/15
  6387 | D:7      | Noticed a hornet
  6411 | D:7      | Killed a hornet
  6412 | D:7      | Reached skill level 1 in Fighting
  6412 | D:7      | Reached skill level 1 in Short Blades
  6693 | D:7      | Reached skill level 1 in Invocations
  6693 | D:7      | Gained mutation: Your system is resistant to poisons.
                  | (rPois) [potion of mutation]
  6693 | D:7      | Gained mutation: Your flesh is heat resistant. (rF+)
                  | [potion of mutation]
  6698 | D:7      | Slain by a killer bee

Illustrated notes

Levels and vault maps discovered:
D:1:      minmay_arrival_floating_metal, layout_basic, serial_shops, shop,
          dreamdust_ecumenical_altar_sealed_demon, dk_noncrumbling_2
D:2:      layout_basic
D:3:      layout_loops_corners
D:4:      layout_loops_ring, minmay_quadrilaterals, uniq_grinder, uniq_robin
D:5:      layout_basic, minmay_temple_entry_hall, dk_rats_in_the_wall
D:6:      layout_layer_cave, minmay_misc_feat_enclosed
D:7:      layout_basic
Temple:   mainiacjoe_temple_big_plus

Skill      XL: |  1  2  3  4  5  6  7  8 |
---------------+-------------------------+-----
Stealth        | 3 4 5 |  5.0
Transmutations | 2 3 4 |  4.0
Earth Magic    | 4 6 |  6.5
Spellcasting   | 3 5 |  5.5
Fighting       | 1 |  1.7
Short Blades   | 1 |  1.4
Invocations    | 1 |  1.0
Dodging        | |  2.2

Action                   |  1- 3 |  4- 6 |  7- 9 || total
-------------------------+-------+-------+-------++-------
Melee: Unarmed           |     6 |       |       ||     6
       Short sword       |    37 |       |       ||    37
       Constrict         |    12 |    26 |    12 ||    50
       Tentacles         |    10 |    23 |    13 ||    46
       Mace              |     1 |   104 |    62 ||   167
       Punch             |       |     3 |     1 ||     4
 Cast: Sandblast         |    34 |    24 |     9 ||    67
       Petrify           |       |     2 |     9 ||    11
  Use: Scroll            |       |       |     6 ||     6
       Potion            |       |       |     2 ||     2
 Stab: Sleeping          |     7 |     8 |     2 ||    17
       Petrified         |       |     4 |    12 ||    16
       Petrifying        |       |     1 |       ||     1
Armor: Skin              |     1 |    24 |    26 ||    51
Dodge: Dodged            |    32 |    81 |    60 ||   173
